 Dungeon Crawl Stone Soup version 0.21.0-3-g78d12a8 (console) character file.

18 removed the Vexing (level 2, -1/19 HPs)
             Began as a Mummy Enchanter on Jan 16, 2018.
             Was a Follower of Okawaru.
             Slain by a hobgoblin
             ... wielding a +0 club
              (6 damage)
             ... on level 1 of the Dungeon.
             The game lasted 00:04:21 (1323 turns).

removed the Vexing (Mummy Enchanter)                Turns: 1323, Time: 00:04:22

Health: -1/19      AC:  2    Str: 11    XL:     2   Next: 51%
Magic:  5/5        EV: 12    Int: 14    God:    Okawaru [*.....]
Gold:   63         SH:  0    Dex: 12    Spells: 3/6 levels left

rFire    x . .     SeeInvis .   a - +1 dagger
rCold    + . .     Gourm    .   (no shield)
rNeg     + + +     Faith    .   b - +0 robe
rPois    ∞         Spirit   .   (no helmet)
rElec    .         Reflect  .   (no cloak)
rCorr    .         Harm     .   (no gloves)
MR       .....                  (no boots)
Stlth    ++........             (no amulet)
HPRegen  0.06/turn              (no ring)
MPRegen  0.09/turn              (no ring)

@: no status effects
A: no food or potions, fire vulnerability, cold resistance 1, negative energy
resistance 3, torment resistance, unbreathing
a: Heroism, Renounce Religion


You were on level 1 of the Dungeon.
You worshipped Okawaru.
Okawaru was aware of your devotion.
You were not hungry.

You visited 1 branch of the dungeon, and saw 2 of its levels.

You collected 63 gold pieces.

Inventory:

Hand Weapons
 a - a +1 dagger (weapon)
Armour
 b - a +0 robe (worn)
Scrolls
 d - a scroll of amnesia {unknown}
 e - a scroll of enchant weapon {unknown}
 f - a scroll of teleportation {unknown}
 g - a scroll of remove curse {unknown}
Books
 c - a book of Maledictions

   Spells                             Type                      Level
   a - Corona                         Hexes                        1
   b - Ensorcelled Hibernation        Hexes/Ice                    2
   c - Confuse                        Hexes                        3
   d - Tukima's Dance                 Hexes                        3
   e - Dazzling Spray                 Conjuration/Hexes            3


   Skills:
 - Level 2.0 Short Blades
 - Level 1.5 Dodging
 - Level 2.4 Stealth
 - Level 2.6 Spellcasting
 - Level 2.6 Hexes
 + Level 0.2 Ice Magic


You had 3 spell levels left.
You knew the following spells:

 Your Spells              Type           Power        Failure   Level  Hunger
a - Corona                Hex            #......      8%          1    N/A
b - Ensorcelled Hibernat  Hex/Ice        #.....       19%         2    N/A

Dungeon Overview and Level Annotations

Branches:
Dungeon (2/15)

Altars:
Okawaru

Annotations:
D:2 Sigmund, Terence


Innate Abilities, Weirdness & Mutations

You do not eat or drink.
Your flesh is vulnerable to fire.
You are immune to poison.
Your flesh is cold resistant. (rC+)
You are immune to negative energy. (rN+++)
You are immune to unholy pain and torment.
You can survive without breathing.


Message History

The kobold is severely wounded.
You barely miss the kobold.
The kobold is severely wounded.
The kobold closely misses you.
You hit the kobold but do no damage.
The kobold is severely wounded.
The kobold hits you.
You closely miss the kobold.
The kobold is severely wounded.
The hobgoblin barely misses you. The kobold barely misses you.
You hit the kobold.
The kobold is severely wounded.
The kobold hits you. The hobgoblin hits you with a club. The kobold hits you.
The hobgoblin hits you with a club.
* * * LOW HITPOINT WARNING * * *
You climb upwards.
There is a stone staircase leading down here.
Unknown command.
The hobgoblin hits you with a club.
You die...

#### ######...
########## #...##...
#........#####...##...
#........#.......##...
#...g....#.......##...
#...K@............†...
#........#....#####..[
#...))...#....# ##...
####.#####....# #....
########.####.....#
##.###
#................####..#
#.####.................#
# #.#
#....#.#.###......# #
#.# #....#.#.#........#
#


You could see a hobgoblin and a kobold.

Vanquished Creatures
  A worm (D:1)
  A dart slug (D:1)
  A giant cockroach (D:1)
  A hobgoblin (D:1)
  2 kobolds
  A bat (D:1)
  4 frilled lizards
  2 goblins (D:1)
  2 rats (D:1)
15 creatures vanquished.

Notes
Turn   | Place    | Note
-------+----------+-------------------------------------------
     0 | D:1      | removed the Mummy Enchanter began the quest for the Orb.
     0 | D:1      | Reached XP level 1. HP: 13/13 MP: 4/4
    28 | D:1      | Reached skill level 1 in Short Blades
   534 | D:1      | Reached XP level 2. HP: 15/19 MP: 5/5
   603 | D:1      | Learned a level 2 spell: Ensorcelled Hibernation
  1076 | D:2      | Found a faded altar of an unknown god.
  1084 | D:2      | Became a worshipper of Warmaster Okawaru
  1084 | D:2      | Reached * piety under Okawaru
  1096 | D:2      | Noticed Sigmund
  1101 | D:2      | Noticed Terence
  1323 | D:1      | Slain by a hobgoblin

Skill      XL: |  1  2 |
---------------+-------+-----
Short Blades   | 1 2 |  2.0
Dodging        | |  1.5
Stealth        | |  2.4
Spellcasting   | |  2.6
Hexes          | |  2.6
Ice Magic      | |  0.2

Action                   || total
-------------------------++-------
Melee: Dagger            ||    31
 Cast: Corona            ||     2
       Ensorcelled Hiber ||     5
 Stab: Sleeping          ||     5
Armor: Robe              ||     1
Dodge: Dodged            ||    13
